[Event "Chessheroes Superhero Challenge 2022"]
[Site "Randburg"]
[Date "2022.01.05"]
[Round "1.1"]
[White "Lekgau, Mothupi"]
[Black "Klaver, Cornelis"]
[Result "1/2-1/2"]
[ECO "E08"]
[WhiteElo "1940"]
[BlackElo "2050"]
[Annotator "NA"]
[PlyCount "102"]
[EventDate "2022.01.05"]
[EventType "tourn"]
[EventCountry "RSA"]
[SourceTitle "playchess.com"]
[Source "ChessBase"]
[SourceQuality "1"]
[TimeControl "5400+30"]

1. Nf3 d5 2. g3 e6 3. Bg2 Nf6 4. O-O Be7 5. d4 O-O 6. c4 Nbd7 7. Qc2 Ne4 8. Nfd2 f5 9. Nxe4 fxe4 10. cxd5 exd5 11. Qb3 Nf6 12. Nc3 Kh8 13. Bg5 c6 14. f3 exf3 15. exf3 Qb6 16. Be3 Qxb3 17. axb3 Bf5 18. Rfc1 Rfe8 19. Kf2 Nd7 20. Na4 Bf6 21. Nc3 a6 22. g4 Bh4+ 23. Ke2 Rxe3+ 24. Kxe3 Re8+ 25. Kd2 Bg5+ 26. Kd1 Bd3 27. Rc2 Bxc2+ 28. Kxc2 Nf8 29. Bf1 Re3 30. Be2 Ne6 31. Rd1 c5 32. f4 Bxf4 33. dxc5 d4 34. Bc4 dxc3 35. Bxe6 g6 36. Bc8 cxb2 37. Kxb2 Be5+ 38. Ka3 Rc3 39. Rd5 Bxh2 40. Bxb7 a5 41. c6 Kg7 42. Rxa5 Bd6+ 43. Ka4 Rg3 44. Bc8 Kf6 45. Rd5 Ke7 46. b4 Rc3 47. Bd7 Rc4 48. Rb5 h5 49. Rb7 hxg4 50. Bxg4+ Kf6 51. Be2 Rxc6 1/2-1/2

[Event "Chessheroes Superhero Challenge 2022"]
[Site "Randburg"]
[Date "2022.01.05"]
[Round "1.2"]
[White "Du Plessis, Heinco"]
[Black "Mabusela, Johannes Manyedi"]
[Result "0-1"]
[ECO "B11"]
[WhiteElo "2003"]
[BlackElo "2216"]
[Annotator "NA"]
[PlyCount "68"]
[EventDate "2022.01.05"]
[EventType "tourn"]
[EventCountry "RSA"]
[SourceTitle "playchess.com"]
[Source "ChessBase"]
[SourceQuality "1"]
[TimeControl "5400+30"]

1. e4 c6 2. Nc3 d5 3. Nf3 Bg4 4. h3 Bxf3 5. Qxf3 e6 6. d4 Nf6 7. Bg5 Be7 8. O-O-O dxe4 9. Nxe4 Nbd7 10. Bd3 Qa5 11. Bxf6 Nxf6 12. Kb1 O-O-O 13. c3 Qc7 14. g4 Kb8 15. Rhe1 Rdf8 16. Nd2 Nd5 17. Nc4 Nf4 18. Ne5 g5 19. Be4 f6 20. Nc4 h5 21. Rh1 Rh6 22. b4 f5 23. gxf5 exf5 24. Bc2 g4 25. hxg4 fxg4 26. Qe3 Re6 27. Qg3 Ne2 28. Qd3 Rxf2 29. Rxh5 a6 30. Rh8+ Ka7 31. Ne5 Rxe5 32. dxe5 Qxe5 33. Rh5 Qxc3 34. Rh7 Qxb4+ 0-1

[Event "Chessheroes Superhero Challenge 2022"]
[Site "Randburg"]
[Date "2022.01.05"]
[Round "1.3"]
[White "Parodi, Alessandro"]
[Black "Hercules, Benjamin Vincent"]
[Result "1/2-1/2"]
[ECO "A14"]
[WhiteElo "1997"]
[BlackElo "2101"]
[Annotator "NA"]
[PlyCount "181"]
[EventDate "2022.01.05"]
[EventType "tourn"]
[EventCountry "RSA"]
[SourceTitle "playchess.com"]
[Source "ChessBase"]
[SourceQuality "1"]
[TimeControl "5400+30"]

1. Nf3 d5 2. c4 e6 3. g3 Nf6 4. Bg2 Be7 5. O-O O-O 6. Qc2 b6 7. cxd5 Nxd5 8. Nc3 Bb7 9. Rd1 Nd7 10. Nxd5 exd5 11. d4 Bd6 12. Bg5 Qe8 13. b4 c6 14. Rab1 b5 15. Ne1 Nb6 16. e4 f6 17. Bc1 Qe7 18. exd5 cxd5 19. Nd3 Rfe8 20. Bf4 Rac8 21. Qb3 Bxf4 22. Nxf4 Rc4 23. Nd3 Rxd4 24. Re1 Qf7 25. Rxe8+ Qxe8 26. Re1 Qf7 27. Nc5 Bc8 28. Bf1 Nc4 29. Qc3 Rg4 30. Bh3 Qh5 31. Qd3 Rxg3+ 32. Qxg3 Qxh3 33. Re7 Qxg3+ 34. hxg3 Kf8 35. Rxa7 Bf5 36. Kf1 d4 37. Ke2 Ne5 38. Nb3 d3+ 39. Kd2 h5 40. f4 Nc4+ 41. Kc3 g5 42. fxg5 fxg5 43. a4 bxa4 44. Rxa4 Nd6 45. Nd2 h4 46. gxh4 gxh4 47. Kd4 h3 48. Ke5 Ke7 49. Nf1 h2 50. Nxh2 d2 51. Ra1 Bc2 52. Ng4 d1=Q 53. Rxd1 Bxd1 54. Ne3 Nf7+ 55. Kd4 Bb3 56. Nc4 Ng5 57. Na5 Ne6+ 58. Ke5 Ba4 59. Nb7 Bc6 60. Na5 Bg2 61. Nb3 Nd8 62. Nd4 Nf7+ 63. Kf4 Kd6 64. Ke3 Kd5 65. Kd3 Nd6 66. Nc2 Be4+ 67. Kc3 Nb5+ 68. Kb3 Bd3 69. Na3 Nd4+ 70. Kc3 Ke4 71. b5 Be2 72. Kb4 Kd5 73. Nb1 Kd6 74. Nc3 Bf3 75. Kc4 Ne6 76. Kb4 Nf8 77. Kc4 Bg2 78. Kd4 Bf1 79. Ne4+ Kc7 80. Kc5 Nd7+ 81. Kb4 Kb6 82. Nd6 Ne5 83. Nc8+ Kb7 84. Ne7 Kc7 85. Nf5 Kb6 86. Ne3 Nd3+ 87. Kc3 Be2 88. Kd2 Nf4 89. Nd5+ Nxd5 90. Kxe2 Kxb5 91. Ke1 1/2-1/2

[Event "Chessheroes Superhero Challenge 2022"]
[Site "Randburg"]
[Date "2022.01.05"]
[Round "1.4"]
[White "Mazibuko, Khanya"]
[Black "February, Jesse Nikki"]
[Result "1-0"]
[ECO "C03"]
[WhiteElo "1940"]
[BlackElo "1845"]
[Annotator "NA"]
[PlyCount "89"]
[EventDate "2022.01.05"]
[EventType "tourn"]
[EventCountry "RSA"]
[SourceTitle "playchess.com"]
[Source "ChessBase"]
[SourceQuality "1"]
[TimeControl "5400+30"]

1. e4 e6 2. d4 d5 3. Nd2 h6 4. Ngf3 Nf6 5. e5 Nfd7 6. Bd3 c5 7. c3 Nc6 8. O-O g5 9. h3 h5 10. g4 hxg4 11. hxg4 Qb6 12. Qa4 Be7 13. Re1 Nf8 14. Nf1 Bd7 15. Qb3 Qc7 16. dxc5 Ng6 17. Bxg6 fxg6 18. Qc2 O-O-O 19. b4 Rh3 20. Ng3 Rf8 21. Kg2 Rh4 22. Nxh4 gxh4 23. Bh6 Rh8 24. Qxg6 hxg3 25. f4 Qd8 26. Bg7 Rg8 27. f5 d4 28. Rad1 Bf8 29. f6 dxc3 30. Qf7 Bxg7 31. Rxd7 Qxd7 32. Qxg8+ Nd8 33. Kxg3 Bh6 34. Rf1 Qf7 35. Qh8 Bd2 36. Qh2 Qg6 37. Qe2 Nf7 38. Qc4 Ng5 39. f7 Nxf7 40. Rf6 Be1+ 41. Kg2 Qc2+ 42. Kf1 Ng5 43. Rf8+ Kc7 44. Qd4 Ne4 45. Rf7+ 1-0

[Event "Chessheroes Superhero Challenge 2022"]
[Site "Randburg"]
[Date "2022.01.05"]
[Round "2.1"]
[White "Klaver, Cornelis"]
[Black "February, Jesse Nikki"]
[Result "1-0"]
[ECO "D35"]
[WhiteElo "2050"]
[BlackElo "1845"]
[Annotator "NA"]
[PlyCount "57"]
[EventDate "2022.01.05"]
[EventType "tourn"]
[EventCountry "RSA"]
[SourceTitle "playchess.com"]
[Source "ChessBase"]
[SourceQuality "1"]
[TimeControl "5400+30"]

1. d4 d5 2. c4 e6 3. cxd5 exd5 4. Nc3 c6 5. Nf3 Nf6 6. Qc2 g6 7. Bg5 Bg7 8. e3 Bf5 9. Bd3 Bxd3 10. Qxd3 O-O 11. O-O Nbd7 12. b4 Re8 13. b5 Qa5 14. Bxf6 Nxf6 15. bxc6 bxc6 16. Nd2 Qc7 17. Na4 Ng4 18. Nf3 Bh6 19. h3 Nf6 20. Rac1 Ne4 21. Ne5 Qa5 22. Qc2 c5 23. Nxc5 Rec8 24. Qb3 Qd8 25. Nxe4 Rcb8 26. Qxd5 Qxd5 27. Nf6+ Kg7 28. Nxd5 Rb2 29. Rc7 1-0

[Event "Chessheroes Superhero Challenge 2022"]
[Site "Randburg"]
[Date "2022.01.05"]
[Round "2.2"]
[White "Hercules, Benjamin Vincent"]
[Black "Mazibuko, Khanya"]
[Result "1/2-1/2"]
[ECO "D97"]
[WhiteElo "2101"]
[BlackElo "1940"]
[Annotator "NA"]
[PlyCount "172"]
[EventDate "2022.01.05"]
[EventType "tourn"]
[EventCountry "RSA"]
[SourceTitle "playchess.com"]
[Source "ChessBase"]
[SourceQuality "1"]
[TimeControl "5400+30"]

1. d4 Nf6 2. c4 g6 3. Nc3 d5 4. Nf3 Bg7 5. Qb3 dxc4 6. Qxc4 O-O 7. e4 Nc6 8. Be2 e5 9. d5 Nd4 10. Nxd4 exd4 11. Qxd4 c6 12. Qc4 b5 13. Qb3 a5 14. a3 cxd5 15. exd5 Ba6 16. O-O b4 17. axb4 Bxe2 18. Nxe2 Qe7 19. Be3 Qxb4 20. Qxb4 axb4 21. Rad1 Rfd8 22. Nf4 g5 23. Nd3 Rxd5 24. Nxb4 Rb5 25. Nd3 Ng4 26. Bc1 Ne5 27. Nxe5 Bxe5 28. Bxg5 Bxb2 29. Be3 Bf6 30. g3 Kg7 31. Rd6 Rba5 32. Kg2 R8a6 33. Rfd1 Rxd6 34. Rxd6 Ra4 35. Kf3 Rb4 36. Rc6 Ra4 37. Rb6 Rc4 38. Rb3 Kg6 39. Rd3 Ra4 40. Rd6 Kg7 41. h3 Rb4 42. Kg2 Rb3 43. Ra6 Rb4 44. Rd6 Ra4 45. Rd3 Ra2 46. g4 Ra5 47. f4 h6 48. Kg3 Rb5 49. Kf3 Ra5 50. Rb3 Ra4 51. Rd3 Rb4 52. Bf2 Ra4 53. Be1 Ra1 54. Bd2 Ra4 55. Rb3 Rc4 56. Kg3 Ra4 57. h4 Rc4 58. Rf3 Rc2 59. Rd3 Rc4 60. g5 hxg5 61. hxg5 Bb2 62. Rb3 Bc1 63. Bc3+ Kf8 64. Be5 Ke7 65. Rb7+ Ke6 66. Rb6+ Ke7 67. Kg4 Bd2 68. Kf5 Bc3 69. Rb7+ Ke8 70. Bd6 Rd4 71. Rb8+ Kd7 72. Be5 Rb4 73. Ra8 Bxe5 74. fxe5 Rb6 75. Ra7+ Ke8 76. Ra1 Ke7 77. Ra7+ Ke8 78. Rc7 Ra6 79. Rb7 Rc6 80. Rb1 Ke7 81. Rb2 Ra6 82. Re2 Ra1 83. Rf2 Rb1 84. Rf4 Ra1 85. Kg4 Re1 86. Rf5 Rg1+ 1/2-1/2

[Event "Chessheroes Superhero Challenge 2022"]
[Site "Randburg"]
[Date "2022.01.05"]
[Round "2.3"]
[White "Mabusela, Johannes Manyedi"]
[Black "Parodi, Alessandro"]
[Result "1-0"]
[ECO "A40"]
[WhiteElo "2216"]
[BlackElo "1997"]
[Annotator "NA"]
[PlyCount "98"]
[EventDate "2022.01.05"]
[EventType "tourn"]
[EventCountry "RSA"]
[SourceTitle "playchess.com"]
[Source "ChessBase"]
[SourceQuality "1"]
[TimeControl "5400+30"]

1. d4 d6 2. Nf3 g6 3. c4 Bg7 4. e4 Nc6 5. h3 e5 6. d5 Nd4 7. Be3 c5 8. dxc6 Qb6 9. cxb7 Qxb7 10. Nc3 Qxb2 11. Bxd4 exd4 12. Nd5 Rb8 13. Bd3 Rb7 14. O-O Ne7 15. Qa4+ Bd7 16. Qa6 Nxd5 17. cxd5 Qb6 18. Rab1 Qxa6 19. Bxa6 Rc7 20. Rfd1 O-O 21. Nxd4 f5 22. Ne6 Bxe6 23. dxe6 Be5 24. exf5 Rxf5 25. Rb7 Rxb7 26. Bxb7 Rf8 27. Bc6 Bf6 28. Rb1 Rc8 29. Bd5 Kf8 30. Rb7 Be7 31. Rxa7 Rc5 32. Bb3 g5 33. g3 h5 34. Kg2 Rc3 35. Ra5 Rc5 36. Rxc5 dxc5 37. Kf3 Ke8 38. Ke4 Kd8 39. Kd5 Kc7 40. Bd1 c4 41. Bxh5 c3 42. Bd1 Bf6 43. f4 gxf4 44. gxf4 Bh4 45. f5 Bf6 46. Ba4 Bh4 47. Ke5 Bg3+ 48. Kf6 Kd6 49. Kf7 Kd5 1-0

[Event "Chessheroes Superhero Challenge 2022"]
[Site "Randburg"]
[Date "2022.01.05"]
[Round "2.4"]
[White "Lekgau, Mothupi"]
[Black "Du Plessis, Heinco"]
[Result "0-1"]
[ECO "A56"]
[WhiteElo "1940"]
[BlackElo "2003"]
[Annotator "NA"]
[PlyCount "130"]
[EventDate "2022.01.05"]
[EventType "tourn"]
[EventCountry "RSA"]
[SourceTitle "playchess.com"]
[Source "ChessBase"]
[SourceQuality "1"]
[TimeControl "5400+30"]

1. d4 Nf6 2. c4 c5 3. d5 e5 4. Nc3 d6 5. e4 Be7 6. Bd3 Nbd7 7. Nge2 Nf8 8. O-O Ng6 9. Ng3 O-O 10. a3 Re8 11. b4 b6 12. Nce2 Nd7 13. Nf5 Ndf8 14. Neg3 Bf6 15. Rb1 Nf4 16. Bc2 g6 17. Ne3 h5 18. Ba4 Bd7 19. Bxd7 Qxd7 20. Ne2 Rac8 21. g3 Nh3+ 22. Kh1 h4 23. Ng1 Nh7 24. Qg4 Qxg4 25. Nxg4 Nxg1 26. Kxg1 Bg7 27. gxh4 f5 28. exf5 gxf5 29. Nh6+ Bxh6 30. Bxh6 f4 31. f3 Kf7 32. Kf2 cxb4 33. Rxb4 Rg8 34. Rg1 Rxg1 35. Kxg1 Nf6 36. a4 Rc5 37. Bg5 Nh5 38. Kg2 Ng7 39. h5 Nf5 40. h6 Rxc4 41. Rb2 Rxa4 42. Kh3 Rc4 43. Kg4 Kg6 44. h4 Ne3+ 45. Kh3 Rc1 46. h5+ Kxg5 47. h7 Rc8 48. Ra2 a5 49. Rb2 Rh8 50. Rxb6 Rxh7 51. Kh2 Rxh5+ 52. Kg1 Rh6 53. Ra6 Nxd5 54. Rxa5 Ne3 55. Kf2 Rh2+ 56. Ke1 Rh1+ 57. Kf2 Rf1+ 58. Ke2 Rb1 59. Ra8 Nf5 60. Rg8+ Kf6 61. Rf8+ Ke6 62. Re8+ Kd5 63. Ra8 Rb2+ 64. Ke1 Nd4 65. Kf1 Nxf3 0-1

[Event "Chessheroes Superhero Challenge 2022"]
[Site "Randburg"]
[Date "2022.01.05"]
[Round "3.1"]
[White "February, Jesse Nikki"]
[Black "Hercules, Benjamin Vincent"]
[Result "0-1"]
[ECO "B32"]
[WhiteElo "1845"]
[BlackElo "2101"]
[Annotator "NA"]
[PlyCount "68"]
[EventDate "2022.01.05"]
[EventType "tourn"]
[EventCountry "RSA"]
[SourceTitle "playchess.com"]
[Source "ChessBase"]
[SourceQuality "1"]
[TimeControl "5400+30"]

1. e4 c5 2. Nf3 Nc6 3. d4 cxd4 4. Nxd4 e5 5. Ne2 Bc5 6. Nbc3 Qb6 7. Be3 Bxe3 8. fxe3 Nf6 9. Nd5 Nxd5 10. exd5 Ne7 11. e4 Qxb2 12. Rb1 Qxa2 13. Nc3 Qa5 14. Qd2 a6 15. Be2 d6 16. O-O b5 17. Ra1 Qb6+ 18. Kh1 Bd7 19. Qg5 Ng6 20. Qg3 b4 21. Na4 Bxa4 22. Rxa4 O-O 23. h4 Ne7 24. h5 h6 25. Rf6 Kh7 26. Qxe5 gxf6 27. Qxe7 Qd8 28. Qb7 f5 29. Qxb4 Qh4+ 30. Kg1 Rab8 31. Qd2 Rb1+ 32. Bf1 Re8 33. Rxa6 Rxe4 34. Rxd6 Rf4 0-1

[Event "Chessheroes Superhero Challenge 2022"]
[Site "Randburg"]
[Date "2022.01.05"]
[Round "3.2"]
[White "Du Plessis, Heinco"]
[Black "Klaver, Cornelis"]
[Result "1/2-1/2"]
[ECO "A23"]
[WhiteElo "2003"]
[BlackElo "2050"]
[Annotator "NA"]
[PlyCount "76"]
[EventDate "2022.01.05"]
[EventType "tourn"]
[EventCountry "RSA"]
[SourceTitle "playchess.com"]
[Source "ChessBase"]
[SourceQuality "1"]
[TimeControl "5400+30"]

1. c4 Nf6 2. Nc3 e5 3. g3 Bc5 4. Bg2 c6 5. e3 O-O 6. Nge2 d5 7. cxd5 Nxd5 8. d4 exd4 9. Nxd5 cxd5 10. exd4 Bb6 11. Nc3 Nc6 12. Be3 Be6 13. O-O Qd7 14. Na4 Rfd8 15. Nxb6 axb6 16. Qb3 Ra6 17. Rfc1 Na5 18. Qc3 Nc4 19. b3 Na3 20. Bf1 b5 21. Qc7 Rc6 22. Qxd7 Bxd7 23. Rxc6 bxc6 24. Bd3 f6 25. Bd2 Kf7 26. Bb4 Ra8 27. Re1 Be6 28. f4 g6 29. Kf2 Ra7 30. Ke3 h5 31. h4 f5 32. Kd2 Nc4+ 33. bxc4 Rxa2+ 34. Bc2 dxc4 35. Bc3 Ke7 36. Ra1 Rxa1 37. Bxa1 b4 38. Ke3 Kd6 1/2-1/2

[Event "Chessheroes Superhero Challenge 2022"]
[Site "Randburg"]
[Date "2022.01.05"]
[Round "3.3"]
[White "Parodi, Alessandro"]
[Black "Lekgau, Mothupi"]
[Result "1/2-1/2"]
[ECO "E11"]
[WhiteElo "1997"]
[BlackElo "1940"]
[Annotator "NA"]
[PlyCount "174"]
[EventDate "2022.01.05"]
[EventType "tourn"]
[EventCountry "RSA"]
[SourceTitle "playchess.com"]
[Source "ChessBase"]
[SourceQuality "1"]
[TimeControl "5400+30"]

1. d4 d5 2. c4 e6 3. Nf3 Nf6 4. g3 Bb4+ 5. Bd2 Bxd2+ 6. Nbxd2 Ne4 7. Bg2 O-O 8. O-O c6 9. Qc2 f5 10. Ne5 Nd7 11. f3 Nxe5 12. fxe4 Ng4 13. exd5 Ne3 14. Qb3 Nxf1 15. Rxf1 cxd5 16. cxd5 Qb6 17. e3 Bd7 18. Nc4 Qxb3 19. axb3 Rac8 20. Nd6 Rc2 21. Nxb7 exd5 22. Bxd5+ Kh8 23. Nd6 g6 24. Ra1 Bc6 25. Bxc6 Rxc6 26. Nc4 Rc7 27. Kf2 Rb8 28. Ra3 a5 29. h4 a4 30. Rxa4 Rxb3 31. Kf3 Kg7 32. Kf4 Rb5 33. h5 Re7 34. hxg6 hxg6 35. Ne5 Kf6 36. Ra6+ Re6 37. Rxe6+ Kxe6 38. Nxg6 Rxb2 39. Nh4 Kf6 40. g4 fxg4 41. Kxg4 Ke6 42. Kf4 Kd5 43. Nf3 Re2 44. Ng5 Rf2+ 45. Nf3 Re2 46. Ng5 Rf2+ 47. Kg4 Rg2+ 48. Kf4 Rf2+ 49. Kg3 Rf6 50. Kg4 Rf2 51. Kg3 Rf6 52. Kg4 Ra6 53. Kf5 Ra8 54. Ne4 Ra5 55. Ng5 Ra1 56. Nf3 Kd6 57. e4 Rf1 58. Kf4 Ra1 59. Nh4 Rf1+ 60. Nf3 Ra1 61. Nh4 Rf1+ 62. Kg5 Re1 63. Nf5+ Ke6 64. Kf4 Rf1+ 65. Kg4 Rg1+ 66. Ng3 Rd1 67. Ne2 Rd2 68. Kf3 Rd3+ 69. Kf4 Rd1 70. Ke3 Re1 71. Kd2 Rf1 72. Nc1 Rf4 73. Ke3 Rh4 74. d5+ Kd6 75. Nd3 Rh5 76. Kd4 Rh4 77. Ne5 Rh1 78. Nc4+ Ke7 79. e5 Rd1+ 80. Kc5 Rc1 81. Kd4 Rd1+ 82. Ke4 Rh1 83. Ne3 Rh4+ 84. Kf5 Rd4 85. Kg5 Re4 86. Ng4 Rxe5+ 87. Nxe5 Kd6 1/2-1/2

[Event "Chessheroes Superhero Challenge 2022"]
[Site "Randburg"]
[Date "2022.01.05"]
[Round "3.4"]
[White "Mazibuko, Khanya"]
[Black "Mabusela, Johannes Manyedi"]
[Result "1/2-1/2"]
[ECO "B12"]
[WhiteElo "1940"]
[BlackElo "2216"]
[Annotator "NA"]
[PlyCount "88"]
[EventDate "2022.01.05"]
[EventType "tourn"]
[EventCountry "RSA"]
[SourceTitle "playchess.com"]
[Source "ChessBase"]
[SourceQuality "1"]
[TimeControl "5400+30"]

1. e4 c6 2. d4 d5 3. e5 Bf5 4. Ne2 e6 5. Ng3 Bg6 6. h4 h5 7. Be2 c5 8. c3 Nc6 9. Be3 Qb6 10. b3 cxd4 11. cxd4 Nge7 12. O-O Nf5 13. Nxf5 Bxf5 14. a3 Be7 15. g3 Rc8 16. b4 g6 17. Nc3 f6 18. Na4 Qd8 19. Rc1 fxe5 20. dxe5 d4 21. Bf4 d3 22. Bf3 Nd4 23. Bxb7 Ne2+ 24. Kh2 Nxc1 25. Bxc8 Ne2 26. Bb7 Nxf4 27. Bc6+ Kf7 28. gxf4 Bf8 29. Kg3 Bh6 30. Qd2 Kg7 31. Qe3 Rf8 32. Nc5 Qe7 33. Nd7 Rd8 34. Nf6 Kf8 35. Be4 Bg7 36. Bxf5 exf5 37. Nh7+ Kg8 38. Ng5 Bh6 39. Rd1 Bxg5 40. fxg5 Qd7 41. f4 Kf7 42. Rd2 Ke6 43. Kf2 Qd4 44. Qxd4 Rxd4 1/2-1/2

[Event "Chessheroes Superhero Challenge 2022"]
[Site "Randburg"]
[Date "2022.01.05"]
[Round "4.1"]
[White "Mabusela, Johannes Manyedi"]
[Black "February, Jesse Nikki"]
[Result "1-0"]
[ECO "D41"]
[WhiteElo "2216"]
[BlackElo "1845"]
[Annotator "NA"]
[PlyCount "57"]
[EventDate "2022.01.05"]
[EventType "tourn"]
[EventCountry "RSA"]
[SourceTitle "playchess.com"]
[Source "ChessBase"]
[SourceQuality "1"]
[TimeControl "5400+30"]

1. d4 d5 2. c4 e6 3. Nc3 Nf6 4. cxd5 Nxd5 5. e4 Nxc3 6. bxc3 c5 7. Nf3 cxd4 8. cxd4 Bb4+ 9. Bd2 Bxd2+ 10. Qxd2 O-O 11. Bc4 Nd7 12. O-O b6 13. Rfe1 Bb7 14. Rad1 Qf6 15. e5 Qg6 16. Nh4 Qg4 17. g3 Rfd8 18. Be2 Qh3 19. f3 Nxe5 20. Qe3 Nxf3+ 21. Bxf3 Bxf3 22. Qxf3 Rac8 23. d5 Rc2 24. Ng2 exd5 25. Qxd5 Rf8 26. Re7 Rc5 27. Qf3 Rh5 28. Rxf7 Rc8 29. Rc7 1-0

[Event "Chessheroes Superhero Challenge 2022"]
[Site "Randburg"]
[Date "2022.01.05"]
[Round "4.2"]
[White "Klaver, Cornelis"]
[Black "Hercules, Benjamin Vincent"]
[Result "1/2-1/2"]
[ECO "D31"]
[WhiteElo "2050"]
[BlackElo "2101"]
[Annotator "NA"]
[PlyCount "48"]
[EventDate "2022.01.05"]
[EventType "tourn"]
[EventCountry "RSA"]
[SourceTitle "playchess.com"]
[Source "ChessBase"]
[SourceQuality "1"]
[TimeControl "5400+30"]

1. c4 e6 2. Nc3 d5 3. cxd5 exd5 4. d4 c6 5. Bf4 Bf5 6. f3 Bg6 7. e4 dxe4 8. fxe4 Nf6 9. Bc4 b5 10. Bd3 b4 11. Nce2 Bxe4 12. Bxe4 Nxe4 13. Bxb8 Rxb8 14. Qc2 Nf6 15. Qxc6+ Qd7 16. Qxd7+ Nxd7 17. Nf3 Bd6 18. O-O O-O 19. Rac1 Rfe8 20. Rc6 Rb6 21. Rxb6 axb6 22. Re1 Kf8 23. Nc1 Rc8 24. Nd3 Ra8 1/2-1/2

[Event "Chessheroes Superhero Challenge 2022"]
[Site "Randburg"]
[Date "2022.01.05"]
[Round "4.3"]
[White "Lekgau, Mothupi"]
[Black "Mazibuko, Khanya"]
[Result "1-0"]
[ECO "C68"]
[WhiteElo "1940"]
[BlackElo "1940"]
[Annotator "NA"]
[PlyCount "87"]
[EventDate "2022.01.05"]
[EventType "tourn"]
[EventCountry "RSA"]
[SourceTitle "playchess.com"]
[Source "ChessBase"]
[SourceQuality "1"]
[TimeControl "5400+30"]

1. e4 e5 2. Nf3 Nc6 3. Bb5 a6 4. Bxc6 dxc6 5. d4 exd4 6. Qxd4 Qxd4 7. Nxd4 Bd7 8. Bg5 f6 9. Be3 O-O-O 10. Nd2 c5 11. Ne2 b6 12. O-O-O Ne7 13. h3 Nc6 14. f4 g6 15. Nc3 Be6 16. g4 Nd4 17. f5 Bf7 18. Nb3 Nxb3+ 19. axb3 Bd6 20. Rhf1 Be5 21. Bf4 Rxd1+ 22. Nxd1 Bxf4+ 23. Rxf4 g5 24. Rf3 h5 25. Nf2 hxg4 26. hxg4 Rh2 27. Kd2 Kd7 28. Ke3 Kd6 29. Rh3 Rxh3+ 30. Nxh3 c4 31. b4 c5 32. c3 cxb4 33. cxb4 Kc6 34. Kd4 Kb5 35. Kc3 Kc6 36. e5 fxe5 37. Nxg5 Bd5 38. Nh7 Kd6 39. Nf6 Bf7 40. g5 Ke7 41. Ng4 Kd6 42. g6 Bd5 43. f6 e4 44. Kd4 1-0

[Event "Chessheroes Superhero Challenge 2022"]
[Site "Randburg"]
[Date "2022.01.05"]
[Round "4.4"]
[White "Du Plessis, Heinco"]
[Black "Parodi, Alessandro"]
[Result "0-1"]
[ECO "B06"]
[WhiteElo "2003"]
[BlackElo "1997"]
[Annotator "NA"]
[PlyCount "62"]
[EventDate "2022.01.05"]
[EventType "tourn"]
[EventCountry "RSA"]
[SourceTitle "playchess.com"]
[Source "ChessBase"]
[SourceQuality "1"]
[TimeControl "5400+30"]

1. e4 g6 2. d4 Bg7 3. Nc3 d6 4. Nf3 a6 5. a4 b6 6. Be2 Bb7 7. O-O Nf6 8. d5 Nbd7 9. Nd4 Nc5 10. Bf3 O-O 11. b4 Ncd7 12. a5 b5 13. Be3 Rc8 14. h3 Ba8 15. Qd2 Re8 16. g4 c5 17. dxc6 Ne5 18. Be2 Nxc6 19. g5 Nd7 20. Rab1 Nce5 21. f3 Nc4 22. Bxc4 Rxc4 23. Nce2 Ne5 24. f4 Nc6 25. Nxc6 Bxc6 26. Bb6 Qc8 27. Rb3 Bxe4 28. Ng3 Rxc2 29. Nxe4 Rxd2 30. Nxd2 Qc2 31. Be3 Bc3 0-1

[Event "Chessheroes Superhero Challenge 2022"]
[Site "Randburg"]
[Date "2022.01.06"]
[Round "5.1"]
[White "February, Jesse Nikki"]
[Black "Lekgau, Mothupi"]
[Result "1-0"]
[ECO "B07"]
[WhiteElo "1845"]
[BlackElo "1940"]
[Annotator "ChessBase"]
[PlyCount "105"]
[EventDate "2022.01.05"]
[EventType "tourn"]
[EventCountry "RSA"]
[SourceTitle "playchess.com"]
[Source "ChessBase"]
[SourceQuality "1"]
[TimeControl "5400+30"]

1. e4 d6 2. d4 e5 3. dxe5 dxe5 4. Qxd8+ Kxd8 5. f4 Nd7 6. Nf3 f6 7. Bc4 Bd6 8. g3 c6 9. Nc3 Kc7 10. Be3 Ne7 11. O-O-O Nb6 12. Be2 Be6 13. fxe5 Bxe5 14. Nxe5 fxe5 15. b3 Rad8 16. a4 Nbc8 17. b4 b6 18. Kb2 h6 19. b5 c5 20. a5 Nd6 21. Ra1 Kb7 22. Ra4 Nec8 23. Rha1 Ne8 24. Nd5 Nc7 25. c4 Rhf8 26. axb6 axb6 27. Bh5 g5 28. Be2 Rd6 29. Kc3 Nxd5+ 30. cxd5 Bd7 31. Ra8 Kc7 32. R1a6 Rff6 33. Kc4 Rf7 34. h4 gxh4 35. gxh4 Rdf6 36. Kc3 Nd6 37. R6a7+ Nb7 38. Kc4 Bc8 39. Bg1 Kd8 40. Kc3 Nd6 41. Rxf7 Rxf7 42. Bg4 Nxb5+ 43. Kd3 Nd6 44. Bh2 Re7 45. Be6 Kc7 46. Ra7+ Kd8 47. Ra8 c4+ 48. Ke3 c3 49. Bxe5 Nc4+ 50. Kd4 Rxe6 51. dxe6 Nxe5 52. Kxe5 Kc7 53. Ra3 1-0

[Event "Chessheroes Superhero Challenge 2022"]
[Site "Randburg"]
[Date "2022.01.06"]
[Round "5.2"]
[White "Parodi, Alessandro"]
[Black "Klaver, Cornelis"]
[Result "0-1"]
[ECO "A15"]
[WhiteElo "1997"]
[BlackElo "2050"]
[Annotator "ChessBase"]
[PlyCount "148"]
[EventDate "2022.01.05"]
[EventType "tourn"]
[EventCountry "RSA"]
[SourceTitle "playchess.com"]
[Source "ChessBase"]
[SourceQuality "1"]
[TimeControl "5400+30"]

1. Nf3 Nf6 2. c4 e6 3. g3 Nc6 4. Bg2 a5 5. b3 Be7 6. O-O O-O 7. Bb2 Re8 8. Nc3 d5 9. Rc1 d4 10. Nb5 e5 11. e4 Bc5 12. Ne1 Nb4 13. a3 Na6 14. a4 Qe7 15. Ra1 c6 16. Na3 Nb4 17. Nac2 Bg4 18. Bf3 h5 19. d3 g6 20. Bc1 Qd7 21. Bd2 Kg7 22. Nxb4 Bxb4 23. Bxb4 axb4 24. Qd2 Qe7 25. Bg2 Nh7 26. Nc2 c5 27. f3 Bd7 28. Kf2 Qg5 29. Ke2 Qxd2+ 30. Kxd2 f6 31. Rf2 g5 32. f4 g4 33. Rh1 Rh8 34. h3 Nf8 35. hxg4 Bxg4 36. Bh3 Ne6 37. Ne1 Bxh3 38. Rxh3 h4 39. fxe5 fxe5 40. gxh4 Nf4 41. Rg3+ Kf6 42. Rg5 Rxh4 43. Rf5+ Ke6 44. Nf3 Rh5 45. Ng5+ Rxg5 46. Rxg5 Rh8 47. Rg7 Rh3 48. Rxb7 Rxd3+ 49. Kc2 Rc3+ 50. Kb1 Nd3 51. Rb6+ Ke7 52. Rf1 Rxb3+ 53. Kc2 Rc3+ 54. Kd2 Nb2 55. Rb7+ Ke6 56. Rbf7 Nxc4+ 57. Ke2 d3+ 58. Kd1 Ne3+ 59. Kd2 Nxf1+ 60. Rxf1 Ra3 61. Rh1 c4 62. Rh6+ Kd7 63. Ra6 Ra2+ 64. Kc1 c3 65. Kb1 Rb2+ 66. Ka1 d2 67. Ra7+ Kc6 68. Ra6+ Kc5 69. Ra5+ Kc4 70. Rd5 Kb3 71. Rd3 Ra2+ 72. Kb1 d1=Q+ 73. Rxd1 c2+ 74. Kc1 Ra1+ 0-1

[Event "Chessheroes Superhero Challenge 2022"]
[Site "Randburg"]
[Date "2022.01.06"]
[Round "5.3"]
[White "Mazibuko, Khanya"]
[Black "Du Plessis, Heinco"]
[Result "0-1"]
[ECO "B31"]
[WhiteElo "1940"]
[BlackElo "2003"]
[Annotator "ChessBase"]
[PlyCount "58"]
[EventDate "2022.01.05"]
[EventType "tourn"]
[EventCountry "RSA"]
[SourceTitle "playchess.com"]
[Source "ChessBase"]
[SourceQuality "1"]
[TimeControl "5400+30"]

1. e4 c5 2. Nf3 Nc6 3. Bb5 g6 4. Bxc6 dxc6 5. d3 Bg7 6. h3 e5 7. Be3 b6 8. a4 a5 9. Na3 Ne7 10. Qd2 O-O 11. Bh6 f6 12. h4 Bg4 13. Nc4 Nc8 14. h5 g5 15. Bxg7 Kxg7 16. h6+ Kh8 17. Nh2 Be6 18. Ne3 Nd6 19. b3 Qd7 20. Nhf1 Rad8 21. Ng3 Rg8 22. Qc3 Ne8 23. Ne2 Nc7 24. O-O-O Bf7 25. f4 gxf4 26. Nxf4 Qd4 27. Qe1 exf4 28. Nf5 Qa1+ 29. Kd2 Rxg2+ 0-1